Map: Odyssey LE

Players

Minatoeh (Minato)

  • Race: Zerg Zerg
  • League: Master
  • Spawn Location: 5:00

Elazer - Winner!

  • Race: Zerg Zerg
  • League: Master
  • Spawn Location: 11:00

Event: WESG Barcelona European Finals 2017

VOD

Have the link to the VOD?

Description

Time

  • Played on: Nov. 23, 2017, 12:11 p.m.
  • Length: 8:48

All games in this series

Show
View Real Time Build Order
Export as new Build Order

Minatoeh Zerg 

Build Orders: Hatch First 

Get SALT Encoding   

  12  0:00  Drone  
  13  0:12  Overlord  
  13  0:17  Drone  
  14  0:30  Drone x2  
  14  0:34  Drone  
  17  0:52  Hatchery  
  17  0:54  Drone  
  17  0:57  Drone  
  18  1:08  Extractor  
  17  1:13  Spawning Pool  
  17  1:15  Drone  
  17  1:18  Drone  
  18  1:28  Drone  
  19  1:41  Overlord  
  19  1:59  Queen  
  19  2:00  Zergling x4  
  23  2:04  Zergling x2, Queen  
  26  2:12  Metabolic Boost  
  26  2:15  Drone  
  27  2:16  Drone  
  27  2:22  Drone  
  29  2:28  Drone  
  30  2:35  Queen, Drone  
  33  2:38  Drone  
  34  2:48  Overlord  
  34  2:55  Hatchery  
  34  2:58  Zergling x4  
  35  3:01  Zergling x2  
  36  3:09  Drone x2  
  36  3:11  Zergling x6  
  41  3:16  Drone x2  
  43  3:20  Overlord  
  43  3:24  Drone  
  44  3:32  Roach Warren  
  43  3:38  Drone x3  
  46  3:47  Zergling x10  
  49  3:56  Zergling x4  
  50  4:14  Roach x2  
  50  4:15  Roach x2  
  57  4:20  Roach x4  
  53  4:30  Roach  
  53  4:31  Zergling x8  
  58  4:37  Overlord  
  58  4:38  Overlord  
  58  4:48  Zergling x2, Roach  
  58  4:49  Zergling x2  
  54  4:53  Zergling x2, Roach  
  54  4:57  Zergling x2  
  54  4:58  Zergling x2  
  54  5:09  Baneling Nest  
  54  5:10  Zergling x6  
  54  5:11  Zergling x2  
  56  5:14  Zergling x2  
  56  5:17  Zergling x2  
  58  5:22  Zergling x4  
  58  5:23  Zergling x2  
  58  5:28  Zergling x2  
  62  5:32  Zergling x4  
  64  5:38  Zergling x4  
  64  5:40  Zergling x2  
  64  5:41  Zergling x2  
  68  5:43  Zergling x2  
  68  5:47  Zergling x2  
  68  5:49  Zergling x2  
  71  5:55  Zergling x4  
  71  5:59  Baneling  
  71  6:00  Baneling x4  
  70  6:13  Zergling x4  
  70  6:14  Zergling x6  
  69  6:19  Zergling x4  
  48  6:36  Zergling x6  
  48  6:37  Zergling x6  
  37  6:47  Baneling x4  
  37  6:49  Zergling x6  
  37  6:52  Zergling x2  
  41  6:54  Baneling  
  39  7:02  Zergling x6  
  39  7:05  Baneling x2  
  40  7:09  Zergling x4  
  39  7:17  Zergling x6  
  39  7:21  Zergling x2  
  39  7:22  Baneling x2  
  32  7:37  Zergling x6  
  35  7:47  Zergling x2  
  35  7:48  Zergling x10  
  38  7:57  Zergling x4  
  37  8:02  Zergling x2  
  37  8:03  Roach  
  37  8:04  Baneling  
  37  8:05  Baneling x2  
  40  8:07  Baneling  
  40  8:10  Zergling x4  
  42  8:15  Zergling x4  
  42  8:17  Baneling  
  37  8:29  Zergling x4  
Show
View Real Time Build Order
Export as new Build Order

Elazer Zerg - Winner!

Build Orders: Hatch First 

Get SALT Encoding   

  12  0:00  Drone  
  13  0:12  Overlord  
  13  0:17  Drone  
  14  0:30  Drone  
  14  0:31  Drone  
  14  0:34  Drone  
  17  0:50  Hatchery  
  17  0:54  Drone  
  17  0:57  Drone  
  18  1:08  Extractor  
  17  1:12  Spawning Pool  
  17  1:15  Drone  
  17  1:18  Drone  
  18  1:27  Drone  
  19  1:39  Overlord  
  19  1:50  Drone  
  20  1:59  Queen  
  20  2:00  Zergling x2  
  23  2:02  Zergling x2, Queen  
  23  2:07  Metabolic Boost  
  26  2:10  Spine Crawler  
  26  2:14  Drone  
  26  2:17  Drone  
  26  2:22  Drone  
  28  2:24  Drone  
  29  2:32  Drone  
  31  2:37  Drone  
  32  2:44  Hatchery  
  32  2:48  Baneling Nest  
  30  2:51  Zergling x2  
  30  2:55  Overlord  
  31  2:59  Drone  
  32  3:08  Drone  
  32  3:09  Queen, Drone  
  36  3:16  Zergling x4  
  38  3:20  Overlord  
  38  3:21  Drone  
  38  3:24  Zergling x2  
  40  3:32  Baneling x3, Zergling x2  
  40  3:33  Zergling x4  
  43  3:39  Queen  
  45  3:47  Zergling x6  
  48  3:54  Baneling  
  48  3:55  Baneling  
  45  3:58  Zergling x10  
  49  4:08  Zergling x6  
  50  4:19  Zergling x8  
  50  4:26  Zergling x2  
  51  4:31  Baneling  
  51  4:32  Baneling  
  51  4:34  Zergling x10  
  56  4:44  Zergling x2  
  56  4:45  Zergling x2  
  57  4:52  Zergling x6  
  52  4:53  Zergling x4  
  52  4:57  Zergling x8  
  51  5:03  Queen  
  51  5:06  Zergling x8  
  56  5:08  Zergling x2  
  56  5:13  Overlord  
  57  5:16  Overlord  
  57  5:20  Overlord  
  57  5:26  Overlord  
  57  5:32  Zergling x6  
  60  5:36  Zergling x2  
  60  5:37  Zergling x6  
  60  5:40  Baneling  
  60  5:41  Baneling x2  
  64  5:43  Zergling x2  
  64  5:46  Baneling  
  64  5:47  Baneling x4  
  64  5:49  Zergling x2  
  66  5:56  Zergling x6  
  67  6:01  Zergling x6  
  70  6:06  Zergling x2  
  70  6:07  Zergling x2  
  70  6:09  Baneling  
  70  6:10  Baneling x3  
  72  6:14  Zergling x2  
  72  6:15  Zergling x2  
  68  6:21  Zergling x8  
  58  6:36  Zergling x14  
  49  6:44  Zergling x4  
  50  6:48  Zergling x4  
  50  6:50  Baneling x2  
  52  6:55  Zergling x4  
  52  7:02  Zergling x6  
  52  7:11  Baneling x2  
  47  7:17  Baneling x4  
  47  7:18  Zergling x2  
  47  7:19  Zergling x12  
  51  7:35  Zergling x14  
  51  7:42  Zergling x8  
  50  7:54  Zergling x10  
  53  7:59  Zergling x2  
  53  8:00  Zergling x4  
  53  8:05  Baneling x6  
  56  8:07  Zergling x2  
  56  8:11  Zergling x2  
  57  8:17  Baneling x2  
Tags
 
Add a new tag
Caveats
  • Supply blocks, unpowered buildings, or Contaminate may cause inaccurate times.
  • Supply counts are checked every 10 seconds.